 Dungeon Crawl Stone Soup version 0.30.2 (webtiles) character file.

Game seed: 3527972438886570241

3 porpoise the Covert (level 1, -5/23 HPs)
             Began as a Gnoll Delver on Apr 6, 2024.
             Slain by an orc priest
             ... wielding a +0 hand axe
              (8 damage)
             ... on level 3 of the Dungeon.
             The game lasted 00:01:22 (171 turns).

porpoise the Covert (Gnoll Delver)                   Turns: 171, Time: 00:01:23

Health: -5/23      AC:  3    Str: 11    XL:     1   Next: 50%
Magic:  1/1        EV: 13    Int:  9    God:
Gold:   22         SH:  0    Dex: 13    Spells: 0/0 levels left

rFire   . . .        a - +0 hand axe
rCold   . . .        (no shield)
rNeg    . . .        b - +0 leather armour
rPois   .            (no helmet)
rElec   .            (no cloak)
rCorr   .            (no gloves)
SInv    .            (no boots)
Will    .....        (no amulet)
Stlth   ++++         (no ring)
HPRegen 0.23/turn    (no ring)
MPRegen 0.07/turn

%: no passive effects
@: no status effects
A: fangs 1, strong nose, distributed training
a: no special abilities


You were on level 3 of the Dungeon.
You visited 1 branch of the dungeon, and saw 3 of its levels.

You collected 22 gold pieces.

Inventory:

Hand Weapons
 a - a +0 hand axe (weapon)
Missiles
 i - 3 stones (quivered)
Armour
 b - a +0 leather armour (worn)
 j - a +0 ring mail
Wands
 g - a wand of digging (3)
Scrolls
 c - a scroll of fog
 d - a scroll of magic mapping
 e - a scroll of fear
 k - a scroll of teleportation {unknown}
Potions
 f - a potion of haste
 h - a potion of might {unknown}


   Skills:
 + Level 6.4 Fighting
 + Level 0.0 Short Blades
 + Level 0.0 Long Blades
 + Level 4.4 Axes
 + Level 0.0 Maces & Flails
 + Level 0.0 Polearms
 + Level 0.0 Staves
 + Level 0.0 Ranged Weapons
 + Level 0.0 Throwing
 + Level 0.0 Armour
 + Level 4.4 Dodging
 + Level 9.5 Stealth
 + Level 0.0 Shields
 + Level 0.0 Unarmed Combat
 + Level 0.0 Spellcasting
 + Level 0.0 Conjurations
 + Level 0.0 Hexes
 + Level 0.0 Summonings
 + Level 0.0 Necromancy
 + Level 0.0 Translocations
 + Level 0.0 Transmutations
 + Level 0.0 Fire Magic
 + Level 0.0 Ice Magic
 + Level 0.0 Air Magic
 + Level 0.0 Earth Magic
 + Level 0.0 Poison Magic
 + Level 0.1 Invocations
 + Level 0.0 Evocations


You couldn't memorise any spells.
You didn't know any spells.
Your spell library was empty.

Dungeon Overview and Level Annotations

Branches:
Dungeon (5/15)
 Temple: D:4-7

Altars:

Annotations:
D:5 1 runed translucent door, occam's ghost, novice MfGl


Innate Abilities, Weirdness & Mutations

You have very sharp teeth.
Your uncanny sense of smell can sniff out nearby items.
Your experience applies equally to all skills.


Message History

The orc shouts! x2; The orc priest shouts!
There is a stone staircase leading down here.
You barely miss the adder. The adder closely misses you.
You hit the orc priest.
The orc priest is lightly wounded.
You closely miss the adder. The adder bites you.
You are poisoned.
The adder poisons you!
The orc priest hits you with a +0 hand axe.
The adder bites you but does no damage.
You barely miss the orc priest.
The orc priest is lightly wounded.
You hit the orc but do no damage. x2; You hit the adder.
You feel sick. The adder closely misses you. The orc priest barely misses you.
The orc barely misses you. x2
You hit the adder.
The adder is heavily wounded.
You completely miss the orc. You closely miss the orc priest. You hit the orc.
You feel sick. The adder bites you but does no damage.
The orc priest hits you with a +0 hand axe.
The orc barely misses you. The adder barely misses you.
You hit the orc priest.
The orc priest is moderately wounded.
You closely miss the orc. You hit the orc. You hit the adder.
You hit the orc but do no damage.
You feel sick.
You are no longer poisoned.
The orc hits you but does no damage.
The orc priest hits you with a +0 hand axe.
The orc hits you with a +0 dagger. The orc hits you with a +0 club.
The adder barely misses you.
You closely miss the orc priest.
The orc priest is moderately wounded.
You hit the orc but do no damage. You hit the orc. x2
You closely miss the adder. The adder bites you but does no damage.
The orc hits you but does no damage. The orc misses you.
The orc priest misses you. The orc hits you with a +0 club.
* * * LOW HITPOINT WARNING * * *
The adder closely misses you.
The orc priest hits you with a +0 hand axe!
You die...

##.##.#
##...#.#
##......#
....... .....
# . ...#.#...
###oo....#
#.o@o....#
#...S......
....##.....#.
####. .....#
# .......
##.###. .# .#


You could see an orc priest, an adder and 3 orcs.

Vanquished Creatures
  A ball python (D:4)
  A goblin (D:4)
  A kobold (D:4)
3 creatures vanquished.

Notes
Turn   | Place    | Note
-------+----------+-------------------------------------------
     0 | D:5      | Reached skill level 9 in Stealth
     0 | D:5      | porpoise the Gnoll Delver began the quest for the Orb.
     0 | D:5      | Reached XP level 1. HP: 23/23 MP: 1/1
     8 | D:5      | Noticed occam's ghost (novice MfGl)
    11 | D:5      | Found a runed translucent door.
    23 | D:5      | Noticed a sleepcap
    23 | D:5      | Noticed a phantom
   155 | D:3      | Noticed an orc priest
   171 | D:3      | Slain by an orc priest

Illustrated notes

Levels and vault maps discovered:
D:3:      layout_loops_ring
D:4:      layout_rooms, tgw_kikubaaqudgha, ebering_ghost_disaster_area,
          enter_ossuary_4, minmay_misc_feat_encased, minmay_quadrilaterals
D:5:      layout_gridville, grunt_temple_overflow_open,
          hellmonk_ghost_happy_afterlife

Skill      XL: | |
---------------+-+-----
Stealth        | |  9.5
Fighting       | |  6.4
Axes           | |  4.4
Dodging        | |  4.4
Invocations    | |  0.1

Action                     || total
---------------------------++-------
  Melee: Hand axe          ||    12
 Armour: Leather armour    ||     5
  Dodge: Dodged            ||    15
